 Dungeon Crawl Stone Soup version 0.20.1-1-g8b1a95d (webtiles) character file.

319 theRoog the Chopper (level 6, -5/56 HPs)
             Began as a Minotaur Berserker on Aug 31, 2017.
             Was a Priest of Trog.
             Slain by an orc priest
             ... wielding a +0 flail
              (8 damage)
             ... on level 3 of the Dungeon on Sept 5, 2017.
             The game lasted 00:05:00 (1500 turns).

theRoog the Chopper (Minotaur Berserker)            Turns: 1500, Time: 00:05:01

Health: -5/56      AC:  7    Str: 24    XL:     6   Next: 21%
Magic:  5/5        EV: 11    Int:  4    God:    Trog [***...]
Gold:   174        SH:  0    Dex:  9    Spells: 5/5 levels left

rFire    . . .     SeeInvis +   a - +1 hand axe
rCold    . . .     Gourm    .   (no shield)
rNeg     . . .     Faith    .   s - +0 scale mail
rPois    .         Spirit   .   (helmet restricted)
rElec    .         Reflect  .   (no cloak)
rCorr    .         Harm     .   (no gloves)
MR       .....                  (no boots)
Stlth    ..........             (no amulet)
Regen    0.2/turn               p - ring of see invisible
MPRegen  0.1/turn               (no ring)

@: berserk cooldown, starving, slowed, very slow
A: retaliatory headbutt, horns 2
a: Berserk, Trog's Hand, Burn Spellbooks, Renounce Religion


You were on level 3 of the Dungeon.
You worshipped Trog.
Trog was most pleased with you.
You were starving.

You visited 1 branch of the dungeon, and saw 3 of its levels.

You collected 174 gold pieces.

Inventory:

Hand Weapons
 a - a +1 hand axe (weapon)
Armour
 b - a +0 animal skin
 f - a +0 leather armour
 k - a cursed +0 ring mail
 s - a +0 scale mail (worn)
Jewellery
 p - a ring of see invisible (left hand)
Scrolls
 h - a scroll of noise
 i - 2 scrolls of teleportation
 l - 2 scrolls of remove curse
 r - 2 scrolls of magic mapping {unknown}
Potions
 e - a potion of curing
 m - a potion of heal wounds {unknown}
 o - a potion of berserk rage
Comestibles
 c - 3 bread rations
 g - 3 royal jellies
 n - 3 fruits
 q - 2 meat rations


   Skills:
 + Level 5.0 Fighting
 + Level 6.2 Axes
 + Level 4.0 Armour
 + Level 3.3 Dodging
 + Level 0.1 Stealth


You had 5 spell levels left.
You didn't know any spells.

Dungeon Overview and Level Annotations

Branches:
Dungeon (3/15)

Altars:


Innate Abilities, Weirdness & Mutations

You reflexively headbutt those who attack you in melee.
You have a pair of horns on your head.


Message History

The orc barely misses you. You furiously retaliate!
You headbutt the orc. You closely miss the orc priest.
You hit the orc but do no damage. The orc priest hits you with a flail!
* * * LOW HITPOINT WARNING * * *
The orc barely misses you. The orc priest barely misses you.
You hit the orc priest but do no damage.
You hit the orc. The orc hits you but does no damage.
The orc barely misses you.
The orc priest calls upon Beogh to heal the orc.
The orc's wounds heal themselves!
The orc hits you but does no damage. The orc barely misses you.
Things that are here:
a whip; an orc corpse The orc priest hits you but does no damage.
You hit the orc priest but do no damage.
The orc priest closely misses you.
The orc hits you from afar with a trident.
* * * LOW HITPOINT WARNING * * *
You closely miss the orc priest. The orc priest hits you with a flail!
You die...

#.#..#####..#####
#.>.#...........##
...##...#######..#
..# #..###o⌠o ##.#
.# #..##..o.. #†#
. ..#...o.. #.# .
#.#.8...8.#.#
#.......#.# #....
#@# #o# #o####
#o...#
...........#
...........#
...........#
...........#
...........#


You could see an orc priest and 2 orcs.

Vanquished Creatures
  The ghost of Heh the Slasher, an amateur OpMo (D:3)
  5 adders
  An ooze (D:2)
  3 worms
  2 dart slugs
  2 leopard geckos
  5 orcs (D:3)
  A ball python (D:2)
  7 giant cockroaches
  6 goblins
  5 hobgoblins
  3 jackals (D:1)
  A quokka (D:2)
  6 bats
  4 frilled lizards
  9 kobolds
  9 rats
70 creatures vanquished.

Notes
Turn   | Place    | Note
-------+----------+-------------------------------------------
     0 | D:1      | theRoog the Minotaur Berserker began the quest for the Orb.
     0 | D:1      | Reached XP level 1. HP: 19/19 MP: 0/0
   202 | D:1      | Reached XP level 2. HP: 27/27 MP: 1/1
   320 | D:1      | Reached skill level 4 in Axes
   563 | D:1      | Reached ** piety under Trog
   763 | D:2      | Reached XP level 3. HP: 33/33 MP: 2/2
   815 | D:2      | Reached XP level 4. HP: 10/41 MP: 3/3
  1155 | D:2      | Reached skill level 5 in Axes
  1379 | D:3      | Reached *** piety under Trog
  1470 | D:3      | Noticed Heh's ghost (amateur OpMo)
  1488 | D:3      | Killed Heh's ghost
  1488 | D:3      | Reached skill level 5 in Fighting
  1488 | D:3      | Reached skill level 6 in Axes
  1488 | D:3      | Reached XP level 5. HP: 17/48 MP: 4/4
  1488 | D:3      | Reached XP level 6. HP: 20/56 MP: 5/5
  1500 | D:3      | Slain by an orc priest

Skill      XL: |  1  2  3  4  5  6 |
---------------+-------------------+-----
Axes           | 4 6 |  6.2
Fighting       | 4 5 |  5.0
Dodging        | 3 |  3.3
Armour         | 3 4 |  4.0
Stealth        | |  0.1

Action                   |  1- 3 |  4- 6 || total
-------------------------+-------+-------++-------
Melee: Hand axe          |    63 |    76 ||   139
       Headbutt          |     7 |    15 ||    22
Invok: Berserk           |       |     1 ||     1
  Use: Scroll            |       |     5 ||     5
       Potion            |       |     1 ||     1
  Eat: Chunk             |       |     1 ||     1
Armor: Animal skin       |     7 |       ||     7
       Leather armour    |    14 |     5 ||    19
       Scale mail        |       |    11 ||    11
Dodge: Dodged            |    58 |    57 ||   115
